 Dungeon Crawl Stone Soup version 0.29.1-2-gbd0b4ee654 (webtiles) character file.

Game seed: 2151920974213447338

43 kyanize the Slasher (level 3, 0/33 HPs)
             Began as a Minotaur Berserker on Nov 12, 2022.
             Was a Follower of Trog.
             Slain by a phantom (1 damage)
             ... on level 3 of the Dungeon.
             The game lasted 00:05:48 (1595 turns).

kyanize the Slasher (Minotaur Berserker)            Turns: 1595, Time: 00:05:48

Health: 0/33       AC:  5    Str: 23    XL:     3   Next: 37%
Magic:  2/2        EV: 11    Int:  4    God:    Trog [*.....]
Gold:   147        SH:  0    Dex:  9    Spells: 2/2 levels left

rFire   . . .      SeeInvis .   a - +0 falchion
rCold   . . .      Faith    .   (no shield)
rNeg    . . .      Spirit   .   c - +0 ring mail
rPois   .          Reflect  .   (helmet restricted)
rElec   .          Harm     .   (no cloak)
rCorr   .          Rampage  .   (no gloves)
Will    .....                   (no boots)
Stlth   ..........              (no amulet)
HPRegen 0.11/turn               (no ring)
MPRegen 0.08/turn               (no ring)

@: no status effects
A: horns 2, retaliatory headbutt
a: Renounce Religion, Berserk


You were on level 3 of the Dungeon.
You worshipped Trog.
Trog was aware of your devotion.
You visited 1 branch of the dungeon, and saw 3 of its levels.

You collected 147 gold pieces.

Inventory:

Hand Weapons
 a - a +0 falchion (weapon)
Missiles
 d - 14 stones (quivered)
Armour
 c - a +0 ring mail (worn)
Magical Staves
 g - a staff of air
Scrolls
 e - 2 scrolls of identify {unknown}
 f - a scroll of enchant weapon {unknown}
 h - 2 scrolls of teleportation
 i - a scroll of vulnerability {unknown}
 j - a scroll of brand weapon {unknown}


   Skills:
 + Level 4.2 Fighting
 + Level 4.4 Long Blades
 + Level 2.9 Armour
 + Level 2.5 Dodging


You had 2 spell levels left.
You didn't know any spells.
Your spell library contained the following spells:

 Spells                   Type           Power      Damage    Failure   Level
 Summon Small Mammal      Summ           0%         N/A       65%         1
 Call Canine Familiar     Summ           0%         N/A       95%         3
 Portal Projectile        Hex/Tloc       0%         N/A       95%         3
 Summon Guardian Golem    Hex/Summ       0%         N/A       95%         3
 Tukima's Dance           Hex            0%         N/A       95%         3
 Blade Hands              Tmut           0%         N/A       100%        5


Dungeon Overview and Level Annotations

Branches:
Dungeon (3/15)

Altars:


Innate Abilities, Weirdness & Mutations

You have a pair of horns on your head.
You reflexively headbutt those who attack you in melee.


Message History

The phantom is heavily damaged.
The phantom hits you!
The phantom blinks!
You blink.
You barely miss the phantom.
The phantom is heavily damaged.
The phantom hits you but does no damage.
You miss the phantom. Your headbutt misses the phantom.
The phantom is heavily damaged.
The phantom hits you!
The phantom blinks!
You blink.
You hit the phantom. You headbutt the phantom.
The phantom is almost destroyed.
The phantom barely misses you.
You barely miss the phantom. Your headbutt misses the phantom.
The phantom is almost destroyed.
The phantom hits you but does no damage.
You closely miss the phantom.
The phantom is almost destroyed.
The phantom hits you.
* * * LOW HITPOINT WARNING * * *
The phantom blinks!
You blink.
You barely miss the phantom.
The phantom is almost destroyed.
The phantom hits you.
* * * LOW HITPOINT WARNING * * *
The phantom blinks!
You blink.
You hit the phantom.
The phantom is almost destroyed.
The phantom barely misses you.
You barely miss the phantom.
The phantom is almost destroyed.
The phantom hits you.
* * * LOW HITPOINT WARNING * * *
The phantom blinks!
You blink.
Found a stone staircase leading down.
You closely miss the phantom.
The phantom is almost destroyed.
The phantom barely misses you. The phantom hits you.
* * * LOW HITPOINT WARNING * * *
You hit the phantom but do no damage. Your headbutt misses the phantom.
The phantom is almost destroyed.
The phantom hits you.
You die...

#.#.# #.#.# ..#.# #
### #.#.# .>. ..#
#.#.# ...#. #.# #.#.#
.#.#..###.# ##.#.#
.......@#ยง###....#
.#.#....W.....#..## #
....####..#.>.#...##.#
#.. #..>.#####....# #
.#####......#...####
............#..##
#####...##....#
##.#####.## #..# #.#


You could see a phantom.

Vanquished Creatures
  A dart slug (D:2)
  2 endoplasms
  A giant cockroach (D:1)
  5 goblins
  5 hobgoblins
  4 jackals (D:1)
  2 quokkas
  5 ball pythons
  4 bats
  2 frilled lizards
  3 kobolds
  A rat (D:1)
35 creatures vanquished.

Notes
Turn   | Place    | Note
-------+----------+-------------------------------------------
     0 | D:1      | kyanize the Minotaur Berserker began the quest for the Orb.
     0 | D:1      | Reached XP level 1. HP: 19/19 MP: 0/0
   209 | D:1      | Reached XP level 2. HP: 27/27 MP: 1/1
   218 | D:1      | Found a faded altar of an unknown god.
   656 | D:1      | Reached XP level 3. HP: 33/33 MP: 2/2
  1571 | D:3      | Noticed a phantom
  1594 | D:3      | HP: 1/33 [phantom (6)]
  1595 | D:3      | Slain by a phantom

Illustrated notes

Levels and vault maps discovered:
D:1:      spicycebolla_green_bress_n_ham_2, layout_loops_cross,
          basic_ecumenical_altar
D:2:      layout_basic
D:3:      layout_loops_ring, marbit_many_paths

Skill      XL: |  1  2 |
---------------+-------+-----
Long Blades    | 4 |  4.4
Fighting       | 4 |  4.2
Armour         | |  2.9
Dodging        | |  2.5

Action                   || total
-------------------------++-------
Melee: Falchion          ||   106
       Headbutt          ||     7
       Punch             ||     1
Invok: Berserk           ||     1
  Use: Scroll            ||     2
       Potion            ||     2
Armor: Ring mail         ||    49
       Skin              ||     9
Dodge: Dodged            ||    65
